 Dungeon Crawl Stone Soup version 0.21.1-1-g345015f (webtiles) character file.

6146 wilfster70 the Grappler (level 10, -10/100 HPs)
             Began as a Troll Monk on July 19, 2018.
             Was an Elder of Okawaru.
             Mangled by a troll simulacrum (15 damage)
             ... animated by a necromancer
             ... on level 9 of the Dungeon on July 20, 2018.
             The game lasted 00:27:50 (7006 turns).

wilfster70 the Grappler (Troll Monk)                Turns: 7006, Time: 00:27:50

Health: -10/100    AC: 10    Str: 23    XL:     10   Next: 59%
Magic:  12/12      EV: 13    Int:  7    God:    Okawaru [****..]
Gold:   364        SH:  0    Dex: 12    Spells: 11/14 levels left

rFire    . . .     SeeInvis .     - Unarmed
rCold    . . .     Gourm    +   (no shield)
rNeg     . . .     Faith    .   i - +2 robe {MR+}
rPois    .         Spirit   .   r - +2 hat
rElec    .         Reflect  .   s - +0 cloak
rCorr    .         Harm     .   (gloves unavailable)
MR       +....                  (boots unavailable)
Stlth    ++........             h - amulet of magic regeneration
HPRegen  0.66/turn              (no ring)
MPRegen  0.38/turn              (no ring)

@: no status effects
A: large, unfitting armour, claws 3, fast metabolism 3, gourmand, regeneration
1, shaggy fur 1, tough skin 2
a: Heroism, Renounce Religion


You were on level 9 of the Dungeon.
You worshipped Okawaru.
Okawaru was greatly pleased with you.
You were very full.

You visited 2 branches of the dungeon, and saw 10 of its levels.

You collected 445 gold pieces.
You spent 81 gold pieces at shops.

Inventory:

Hand Weapons
 b - a +2 hunting sling of velocity
 w - a +3 morningstar of freezing
Missiles
 d - 269 stones
 p - 2 tomahawks (quivered)
 C - 59 sling bullets
Armour
 i - a +2 robe of magic resistance (worn)
 r - a +2 hat (worn)
 s - a +0 cloak (worn)
Jewellery
 h - an amulet of magic regeneration (around neck)
 F - an uncursed amulet of harm {unknown}
Wands
 z - a wand of acid (11)
 B - a wand of disintegration (14)
Scrolls
 a - a scroll of blinking
 e - a scroll of remove curse
 m - 4 scrolls of teleportation
 n - a scroll of immolation
 u - 3 scrolls of identify
 G - a scroll of magic mapping
Potions
 g - 3 potions of curing
 j - a potion of might
 k - a potion of experience {unknown}
 o - a potion of flight {unknown}
 q - 2 potions of invisibility {unknown}
 t - a potion of ambrosia {unknown}
 v - a potion of berserk rage {unknown}
 x - a potion of resistance
 A - a potion of lignification {unknown}
Books
 f - a book of Callings

   Spells                             Type                      Level
   a - Summon Small Mammal            Summoning                    1
   b - Call Imp                       Summoning                    2
   c - Call Canine Familiar           Summoning                    3
   d - Summon Guardian Golem          Hexes/Summoning              3
   e - Summon Lightning Spire         Summoning/Air                4
   f - Summon Ice Beast               Ice/Summoning                4
 y - a book of Geomancy

   Spells                             Type                      Level
   a - Sandblast                      Earth                        1
   b - Passwall                       Transmutation/Earth          2
   c - Stone Arrow                    Conjuration/Earth            3
   d - Petrify                        Transmutation/Earth          4
   e - Lee's Rapid Deconstruction     Earth                        5
 E - a book of Air

   Spells                             Type                      Level
   a - Shock                          Conjuration/Air              1
   b - Swiftness                      Charms/Air                   2
   c - Static Discharge               Conjuration/Air              3
   d - Airstrike                      Air                          4
   e - Lightning Bolt                 Conjuration/Air              5
Comestibles
 l - 19 rations
 D - 4 chunks of flesh


   Skills:
 - Level 6.5 Fighting
 - Level 3.3 Throwing
 - Level 6.5 Dodging
 - Level 1.0 Stealth
 - Level 10.2 Unarmed Combat
 + Level 2.5 Spellcasting
 + Level 2.6 Summonings
 + Level 2.5 Earth Magic


You had 11 spell levels left.
You knew the following spells:

 Your Spells              Type           Power        Failure   Level  Hunger
a - Call Imp              Summ           #.......     19%         2    ###....
b - Sandblast             Erth           #.....       13%         1    ##.....


Dungeon Overview and Level Annotations

Branches:
Dungeon (9/15)             Temple (1/1) D:7
   Lair: D:8-11         Orc: D:9-12

Altars:
Cheibriados
Fedhas
Gozag
Kikubaaqudgha
Nemelex Xobeh
Okawaru
Qazlal
Ru
Sif Muna
Trog
Uskayaw
Vehumet
Yredelemnul
The Shining One

Shops:
D:5 =([


Innate Abilities, Weirdness & Mutations

You are too large for most types of armour.
You have claws for hands.
Your metabolism is lightning-fast.
You like to eat raw meat.
Your natural rate of healing is unusually fast.
You are covered in fur. (AC +1)
You have very tough skin. (AC +2)


Message History

The troll simulacrum closely misses you.
The troll simulacrum barely misses you. The troll simulacrum claws you.
* * * LOW HITPOINT WARNING * * *
The troll simulacrum freezes you!
* * * LOW HITPOINT WARNING * * *
You feel better. Something hits you but does no damage.
You feel much better. The troll simulacrum barely misses you.
The troll simulacrum claws you but does no damage.
The troll simulacrum barely misses you.
You hear some strange, mumbled words.
Your body is wracked with pain!
* * * LOW HITPOINT WARNING * * *
The troll simulacrum bites you!
* * * LOW HITPOINT WARNING * * *
The troll simulacrum freezes you!
* * * LOW HITPOINT WARNING * * *
The troll simulacrum claws you.
* * * LOW HITPOINT WARNING * * *
The troll simulacrum freezes you!
You die...

#....#### #.
####....########
#.
................
#.
................
#.
................
#.
..######'######.
##
#.#:.........:#
# ##.........##
# #:.....@...?#
##....Z....##
#?....{†...:#
##.........##
#?.........?#
##.........##
#?.........:
#############


You could see a troll simulacrum.

Vanquished Creatures
  Erica (D:9)
  A two-headed ogre (D:8)
  Joseph (D:8)
  The ghost of Ethylacetat the Firebug, a novice NaFE of Cheibriados (D:5)
  A troll (D:9)
  A hippogriff (Temple)
  A spriggan (D:9)
  A water moccasin (D:8)
  2 ice beasts
  2 orc warriors
  3 sky beasts
  2 phantoms
  3 ogres
  3 centaurs
  A big kobold (D:7)
  2 bullfrogs
  3 scorpions
  6 killer bees (D:8)
  3 wights (D:6)
  5 howler monkeys
  4 crimson imps
  2 centaur zombies
  3 hounds
  A bullfrog skeleton (D:5)
  A jelly (D:6)
  4 orc priests
  9 orc wizards
  A centaur skeleton (D:6)
  2 iguanas
  9 worker ants
  A hound zombie (D:8)
  A howler monkey zombie (D:7)
  The ghost of dscm the Chiller, a weakling FeIE (D:3)
  A worker ant zombie (D:6)
  12 adders
  2 shadow imps
  6 oozes
  An adder skeleton (D:7)
  4 worms
  A dart slug (D:1)
  5 leopard geckos
  32 orcs
  4 giant cockroaches (D:2)
  5 goblins
  5 hobgoblins
  12 jackals
  10 kobolds
  3 quokkas
  A ball python (D:3)
  7 bats
  2 frilled lizards
  2 jackal skeletons
  A quokka zombie (D:7)
  7 rats
205 creatures vanquished.

Vanquished Creatures (others)
  An orc wizard (D:7)
1 creature vanquished.

Grand Total: 206 creatures vanquished

Notes
Turn   | Place    | Note
-------+----------+-------------------------------------------
     0 | D:1      | wilfster70 the Troll Monk began the quest for the Orb.
     0 | D:1      | Reached XP level 1. HP: 22/22 MP: 0/0
   135 | D:1      | Reached XP level 2. HP: 29/29 MP: 1/1
   622 | D:2      | Reached XP level 3. HP: 35/36 MP: 2/2
  1025 | D:2      | Found a sparkling altar of Nemelex Xobeh.
  1060 | D:2      | Reached skill level 1 in Throwing
  1060 | D:2      | Reached skill level 4 in Unarmed Combat
  1060 | D:2      | Reached XP level 4. HP: 44/44 MP: 3/3
  1615 | D:3      | Reached XP level 5. HP: 37/53 MP: 4/4
  1967 | D:3      | Noticed dscm's ghost (weakling FeIE)
  1974 | D:3      | Killed dscm's ghost
  2249 | D:4      | Reached skill level 5 in Unarmed Combat
  2249 | D:4      | Reached XP level 6. HP: 58/61 MP: 5/5
  2289 | D:5      | Entered Level 5 of the Dungeon
  2304 | D:5      | Found Misiesaov's Jewellery Boutique.
  2483 | D:5      | Found Lirr's Antique Armour Shop.
  2495 | D:5      | Bought a runed robe for 81 gold pieces
  2683 | D:5      | Noticed a sky beast
  2704 | D:5      | Killed a sky beast
  2704 | D:5      | Reached XP level 7. HP: 37/68 MP: 6/6
  2940 | D:5      | Reached skill level 6 in Unarmed Combat
  3033 | D:5      | Noticed Ethylacetat's ghost (novice NaFE)
  3057 | D:5      | Killed Ethylacetat's ghost
  3136 | D:5      | Reached XP level 8. HP: 44/78 MP: 7/7
  3302 | D:5      | Found Cokileppo's Weapon Shop.
  3328 | D:5      | Reached skill level 7 in Unarmed Combat
  4030 | D:6      | Reached skill level 8 in Unarmed Combat
  4057 | D:6      | Reached skill level 5 in Fighting
  4057 | D:6      | Reached skill level 5 in Dodging
  4686 | D:6      | Reached XP level 9. HP: 52/88 MP: 8/8
  4883 | D:7      | Found a staircase to the Ecumenical Temple.
  4890 | Temple   | Entered the Ecumenical Temple
  4894 | Temple   | Reached skill level 9 in Unarmed Combat
  4907 | Temple   | Became a worshipper of Warmaster Okawaru
  4907 | Temple   | Reached * piety under Okawaru
  4907 | Temple   | Reached ** piety under Okawaru
  4996 | D:7      | Found an opulent altar of Gozag.
  5514 | D:7      | Learned a level 2 spell: Call Imp
  5760 | D:8      | Found a basalt altar of Yredelemnul.
  5841 | D:8      | Noticed a two-headed ogre
  5859 | D:8      | Killed a two-headed ogre
  5859 | D:8      | Reached skill level 10 in Unarmed Combat
  6010 | D:8      | Reached *** piety under Okawaru
  6011 | D:8      | Reached XP level 10. HP: 98/98 MP: 9/9
  6125 | D:8      | Noticed Joseph
  6133 | D:8      | Killed Joseph
  6133 | D:8      | Reached skill level 1 in Spellcasting
  6133 | D:8      | Reached skill level 1 in Summonings
  6733 | D:9      | Learned a level 1 spell: Sandblast
  6739 | D:9      | Noticed Erica
  6751 | D:9      | Killed Erica
  6751 | D:9      | Reached skill level 1 in Earth Magic
  6896 | D:9      | Received a gift from Okawaru
  6931 | D:9      | Reached **** piety under Okawaru
  6986 | D:9      | Noticed a necromancer
  7006 | D:9      | HP: 5/100 [troll simulacrum[a necromancer] (2)]
  7006 | D:9      | Mangled by a troll simulacrum

Skill      XL: |  1  2  3  4  5  6  7  8  9 10 |
---------------+-------------------------------+-----
Throwing       | 1 2 3 |  3.3
Unarmed Combat | 4 5 6 8 10 | 10.2
Fighting       | 3 4 5 6 |  6.5
Dodging        | 3 4 5 6 |  6.5
Spellcasting   | 2 |  2.5
Summonings     | 2 |  2.6
Earth Magic    | 2 |  2.5
Stealth        | |  1.0

Action                   |  1- 3 |  4- 6 |  7- 9 | 10-12 || total
-------------------------+-------+-------+-------+-------++-------
Melee: Unarmed           |    81 |   218 |   278 |    99 ||   676
       Punch             |     1 |     5 |    10 |     6 ||    22
 Fire: Hunting sling     |       |       |       |     4 ||     4
Throw: Tomahawk          |       |     7 |       |     2 ||     9
Invok: Heroism           |       |       |     1 |       ||     1
  Use: Scroll            |     4 |     5 |     8 |       ||    17
       Potion            |       |       |     3 |     3 ||     6
 Stab: Sleeping          |     5 |     3 |     1 |       ||     9
  Eat: Chunk             |    12 |    18 |    31 |     8 ||    69
Armor: Robe              |    33 |    94 |   119 |    35 ||   281
       Skin              |       |     3 |       |       ||     3
Dodge: Dodged            |    59 |   108 |   165 |    69 ||   401
